 Dungeon Crawl Stone Soup version 0.30.0-2-g1aa4bd4387 (webtiles) character file.

Game seed: 3337649387994814620

7 Artemis2 the Ruffian (level 1, 0/22 HPs)
             Began as a Troll Berserker on May 7, 2023.
             Was a Follower of Trog.
             Slain by a ball python (1 damage)
             ... on level 1 of the Dungeon.
             The game lasted 00:00:40 (183 turns).

Artemis2 the Ruffian (Troll Berserker)               Turns: 183, Time: 00:00:41

Health: 0/22       AC:  4    Str: 24    XL:     1   Next: 83%
Magic:  0/0        EV: 10    Int:  3    God:    Trog [*.....]
Gold:   36         SH:  0    Dex:  9    Spells: 0/0 levels left

rFire   . .          .
                       - Unarmed
rCold   . . .        (no shield)
rNeg    . . .        a - +0 animal skin
rPois   .            (helmet restricted)
rElec   .            (no cloak)
rCorr   .            (gloves unavailable)
SInv    .            (boots unavailable)
Will    .....        (no amulet)
Stlth   +            (no ring)
HPRegen 1.03/turn    (no ring)
MPRegen 0.07/turn

%: no passive effects
@: no status effects
A: large, unfitting armour, claws 3, regeneration 1, shaggy fur 1, tough skin 1
a: Renounce Religion, Berserk


You were on level 1 of the Dungeon.
You worshipped Trog.
Trog was aware of your devotion.
You visited 1 branch of the dungeon, and saw 1 of its levels.

You collected 36 gold pieces.

Inventory:

Armour
 a - a +0 animal skin (worn)


   Skills:
 * Level 2.6 Fighting
 - Level 2.4 Dodging
 * Level 3.2 Unarmed Combat


You couldn't memorise any spells.
You didn't know any spells.
Your spell library was empty.

Dungeon Overview and Level Annotations

Branches:
Dungeon (1/15)

Altars:


Innate Abilities, Weirdness & Mutations

You are too large for most types of armour.
You have claws for hands.
Your natural rate of healing is unusually fast.
You are covered in fur. (AC +1)
You have tough skin. (AC +1)


Message History

The kobold throws a stone.
The stone completely misses you.
A goblin comes into view. It is wielding a +0 club.
The goblin barely misses you.
You barely miss the goblin. The goblin closely misses you.
You barely miss the goblin.
The kobold hits you with a +1 whip of electrocution.
The goblin barely misses you.
You claw the goblin!
You kill the goblin!
Trog accepts your kill.
The ball python bites you but does no damage.
The kobold closely misses you.
You barely miss the kobold. The ball python bites you.
The kobold completely misses you.
You closely miss the kobold. You claw the kobold.
The kobold is moderately wounded.
The ball python barely misses you.
The kobold hits you with a +1 whip of electrocution.
You closely miss the kobold.
The kobold is moderately wounded.
The ball python barely misses you. The kobold misses you.
The ball python barely misses you.
You barely miss the kobold. The kobold hits you but does no damage.
The ball python barely misses you.
You barely miss the kobold.
The ball python bites you but does no damage.
The kobold hits you but does no damage.
You completely miss the kobold. The ball python bites you.
The kobold closely misses you.
You scratch the kobold.
The kobold is severely wounded.
The ball python bites you.
You completely miss the kobold. Your claw misses the kobold.
The kobold is severely wounded.
The kobold hits you with a +1 whip of electrocution.
You are electrocuted!
Ouch! That really hurt!
* * * LOW HITPOINT WARNING * * *
The ball python bites you.
You die...

### ..# #.# #.#
############## #### #.#
#.............
#..####.###.####........
#....##......###@###..##
...............SK).....#
..............##!###....
.....##..##.#.##.# .#
.....##..##.#.##.#
.........##.#.#...
......#..##.#.....
.........##.# #...
.#.##.#.##


You could see a ball python and a kobold.

Vanquished Creatures
  A goblin (D:1)
  A hobgoblin (D:1)
  A quokka (D:1)
  3 bats (D:1)
6 creatures vanquished.

Notes
Turn   | Place    | Note
-------+----------+-------------------------------------------
     0 | D:1      | Artemis2 the Troll Berserker began the quest for the Orb.
     0 | D:1      | Reached XP level 1. HP: 22/22 MP: 0/0
   183 | D:1      | HP: 1/22 [kobold/+1 whip of electrocution (16)]
   183 | D:1      | Slain by a ball python

Illustrated notes

Levels and vault maps discovered:
D:1:      kennysheep_arrival_seaside, layout_loops_ring, minmay_small_reverse_x

Action                     || total
---------------------------++-------
  Melee: Unarmed           ||    23
         Punch             ||     1
 Armour: Animal skin       ||     9
  Dodge: Dodged            ||    16
